Map: Void Thrashing

Players

sTkmonk

  • Race: Terran Terran
  • Spawn Location: 9:00

monk

  • Race: Terran Terran
  • Spawn Location: 6:00

VOD

Have the link to the VOD?

Description

Time

  • Played on: Aug. 22, 2017, 7:41 a.m.
  • Length: 15:14
Show
View Real Time Build Order
Export as new Build Order

sTkmonk Terran 

Build Orders:  

Get SALT Encoding   

Show
View Real Time Build Order
Export as new Build Order

monk Terran 

Build Orders:  

Get SALT Encoding   

  12  0:06  SCV  
  13  0:23  SCV  
  14  0:30  Supply Depot  
  15  0:40  SCV  
  15  0:58  SCV, Factory  
  16  1:15  SCV  
  18  1:32  SCV  
  18  1:38  Devastation Turret  
  18  1:49  SCV  
  19  1:53  Devastation Turret  
  19  2:06  SCV  
  20  2:22  SCV  
  21  2:33  Command Center  
  22  2:42  SCV  
  22  2:48  Refinery  
  22  2:59  SCV  
  23  3:04  SCV  
  24  3:14  Refinery  
  24  3:16  SCV  
  26  3:21  SCV  
  26  3:27  Refinery  
  26  3:33  SCV  
  26  3:37  Refinery  
  28  3:41  SCV  
  29  3:50  SCV  
  29  3:58  SCV  
  30  4:07  SCV  
  30  4:09  Factory Tech Reactor  
  31  4:15  Supply Depot, SCV  
  32  4:24  SCV  
  34  4:32  SCV  
  34  4:33  Starport  
  35  4:42  SCV  
  35  4:44  Factory Tech Reactor  
  35  4:48  Supply Depot  
  35  4:49  SCV  
  37  5:00  SCV  
  37  5:06  SCV  
  38  5:17  SCV  
  38  5:19  Supply Depot  
  39  5:23  Siege Tank  
  39  5:24  SCV  
  39  5:28  Siege Tank  
  46  5:39  SCV  
  48  5:41  SCV  
  48  5:48  Starport Tech Reactor, Hercules  
  51  5:54  Supply Depot  
  51  5:56  SCV  
  51  5:58  SCV  
  53  6:02  Maelstrom Rounds  
  53  6:09  Siege Tank  
  56  6:16  SCV  
  56  6:19  Siege Tank  
  61  6:30  SCV  
  61  6:31  Supply Depot  
  61  6:39  SCV  
  62  6:45  Siege Tank  
  65  7:05  SCV x2  
  65  7:06  Science Vessel x2  
  71  7:13  Siege Tank  
  71  7:16  Improved Nano-Repair  
  74  7:25  Supply Depot, Siege Tank  
  77  7:49  Siege Tank  
  80  7:54  Armory  
  80  7:56  Factory  
  80  7:57  SCV  
  81  8:15  Supply Depot x2  
  81  8:28  Terran Vehicle and Ship Weapons Level 1  
  81  8:29  Upgrade Laser Drill Level 1  
  81  8:30  Goliath x2  
  85  8:41  Factory Tech Reactor  
  85  8:44  Supply Depot  
  85  8:50  Ares-Class Targeting System  
  85  8:52  Defensive Matrix  
  85  9:14  Goliath x3  
  91  9:27  Goliath  
  93  9:42  Supply Depot  
  93  9:46  Goliath x2  
  97  9:53  Multi-Lock Weapons System  
  97  9:56  Goliath  
  99  10:04  Science Vessel  
  101  10:20  Supply Depot  
  101  10:22  Supply Depot  
  101  10:28  Science Vessel  
  101  10:29  Goliath  
  105  10:43  Goliath x2  
  105  10:48  Goliath  
  111  10:55  Siege Tank x2  
  111  10:56  Supply Depot  
  111  11:09  Goliath  
  113  11:15  Goliath x2  
  117  11:33  Goliath  
  117  11:41  Goliath  
  117  11:47  Goliath  
  121  11:52  Goliath  
  123  12:03  Terran Vehicle and Ship Weapons Level 2  
  123  12:05  Goliath  
  123  12:09  Supply Depot  
  125  12:11  Supply Depot  
  125  12:25  Goliath x2  
  129  12:51  Goliath x2  
  129  12:57  Goliath x2  
  137  13:12  Siege Tank  
  137  13:23  Goliath x2  
  138  13:32  Goliath x2  
  145  13:55  Goliath x2  
  149  14:03  Siege Tank x2  
  149  14:04  Goliath x2  
  151  14:27  Goliath x2  
  155  14:36  Goliath  
Tags
 
Commander
RaynorSwann
Matchup
Co-op
Replay Pack
Co-op Speedrun
Add a new tag
Caveats
  • Supply blocks, unpowered buildings, or Contaminate may cause inaccurate times.
  • Supply counts are checked every 10 seconds.